 Dungeon Crawl Stone Soup version 0.20.1-1-g8b1a95d (webtiles) character file.

152 Dyss the Conjurer (level 5, -3/28 HPs)
             Began as a Deep Elf Conjurer on July 9, 2017.
             Slain by an orc
             ... wielding a +0 short sword
              (4 damage)
             ... on level 3 of the Dungeon.
             The game lasted 00:43:04 (2201 turns).

Dyss the Conjurer (Deep Elf Conjurer)               Turns: 2201, Time: 00:43:06

Health: -3/28      AC:  4    Str:  5    XL:     5   Next: 11%
Magic:  2/13       EV: 13    Int: 21    God:
Gold:   107        SH:  0    Dex: 15    Spells: 6/13 levels left

rFire    . . .     SeeInvis +   m - +0 dagger
rCold    . . .     Gourm    .   (no shield)
rNeg     . . .     Faith    .   a - +1 robe
rPois    .         Spirit   .   (no helmet)
rElec    .         Reflect  .   (no cloak)
rCorr    .         Harm     .   w - +0 pair of gloves
MR       +....                  (no boots)
Stlth    ++........             (no amulet)
Regen    0.1/turn               f - ring of protection from magic
MPRegen  0.2/turn               r - ring of see invisible

@: very slightly contaminated
A: no striking features
a: no special abilities


You were on level 3 of the Dungeon.
You were not hungry.

You visited 1 branch of the dungeon, and saw 3 of its levels.

You collected 107 gold pieces.

Inventory:

Hand Weapons
 g - a +0 dagger
 j - a -1 mace
 m - a +0 dagger (weapon)
 o - a +0 long sword
Missiles
 i - 17 poisoned needles
 p - 48 stones (quivered)
Armour
 a - a +1 robe (worn)
 v - a +0 pair of gloves
 w - a +0 pair of gloves (worn)
Jewellery
 e - an uncursed ring of stealth {unknown}
 f - a ring of protection from magic (left hand)
 r - a ring of see invisible (right hand)
 s - a +4 ring of evasion {unknown}
Scrolls
 t - a scroll of enchant armour
Potions
 d - a potion of lignification {unknown}
 h - 3 potions of heal wounds {unknown}
 k - a potion of might {unknown}
 l - a potion of mutation {unknown}
 n - a potion of cancellation {unknown}
Books
 b - a book of Conjurations

   Spells                             Type                      Level
   a - Magic Dart                     Conjuration                  1
   b - Searing Ray                    Conjuration                  2
   c - Dazzling Spray                 Conjuration/Hexes            3
   d - Fulminant Prism                Conjuration/Hexes            4
   e - Force Lance                    Conjuration/Translocation    4
   f - Iskenderun's Mystic Blast      Conjuration                  4
Comestibles
 c - 3 bread rations
 q - 3 meat rations
 x - 3 inedible chunks of flesh


   Skills:
 + Level 0.1 Fighting
 + Level 0.1 Maces & Flails
 + Level 3.2 Dodging
 + Level 3.1 Stealth
 + Level 0.4 Unarmed Combat
 + Level 4.5 Spellcasting
 + Level 5.7 Conjurations


You had 6 spell levels left.
You knew the following spells:

 Your Spells              Type           Power        Failure   Level  Hunger
a - Magic Dart            Conj           ####         1%          1    None
b - Searing Ray           Conj           ####..       1%          2    #......
c - Iskenderun's Mystic   Conj           ####....     11%         4    ####...


Dungeon Overview and Level Annotations

Branches:
Dungeon (3/15)

Altars:
Fedhas


Message History

You are momentarily dazzled by a flash of light!
Some of the chunks of flesh in your inventory have rotted away.
A worm and a kobold come into view.
Found a meat ration.
The worm barely misses you.
You open the door.
A goblin comes into view. It is wielding a dagger.
The orc hits you but does no damage.
The kobold shouts!
The goblin shouts!
The kobold throws a stone.
The stone hits you. The orc closely misses you.
You see here a stone.
The worm closely misses you.
You see here a meat ration.
You barely miss the orc. The orc hits you with a short sword! The orc hits you.
The goblin hits you with a dagger.
You hit the orc but do no damage. The worm bites you!
* * * LOW HITPOINT WARNING * * *
The orc hits you with a short sword.
You die...

######.#...(##
#...oo>.....).
##.####.#....#######
#....##.# ...# #...##
#....##.# ### #...#.
#....##.########...#.
#...o##........'...'.
#..oo######.#.##...#.
#.Kw@# #.#.##...#.
#..g.# #.#.######.
##'### #.#.# #. #..
..#.# ##
############.#
#.........(.#
#.########### # #.# #
#.# #


You could see a worm, 3 orcs, a goblin and a kobold.

Vanquished Creatures
  A scorpion (D:3)
  3 adders (D:2)
  An ooze (D:2)
  A worm (D:3)
  A dart slug (D:2)
  2 leopard geckos
  2 orcs (D:3)
  3 giant cockroaches
  13 goblins
  5 hobgoblins
  2 jackals (D:1)
  2 quokkas
  2 bats
  7 frilled lizards
  12 kobolds
  2 rats
59 creatures vanquished.

Notes
Turn   | Place    | Note
-------+----------+-------------------------------------------
     0 | D:1      | Dyss the Deep Elf Conjurer began the quest for the Orb.
     0 | D:1      | Reached XP level 1. HP: 10/10 MP: 6/6
   127 | D:1      | Reached XP level 2. HP: 15/15 MP: 0/8
   131 | D:1      | Learned a level 2 spell: Searing Ray
   383 | D:1      | Reached skill level 5 in Conjurations
   567 | D:2      | Reached XP level 3. HP: 19/19 MP: 4/9
  1112 | D:2      | Reached XP level 4. HP: 24/24 MP: 9/11
  1127 | D:2      | Learned a level 1 spell: Magic Dart
  1132 | D:2      | Learned a level 4 spell: Iskenderun's Mystic Blast
  1674 | D:3      | Found a blossoming altar of Fedhas.
  2085 | D:3      | Reached XP level 5. HP: 25/28 MP: 1/13
  2201 | D:3      | HP: 1/28 [worm (9)]
  2201 | D:3      | Slain by an orc

Skill      XL: |  1  2  3  4 |
---------------+-------------+-----
Conjurations   | 5 |  5.7
Stealth        | 3 |  3.1
Spellcasting   | 4 |  4.5
Dodging        | 3 |  3.2
Fighting       | |  0.1
Maces & Flails | |  0.1
Unarmed Combat | |  0.4

Action                   |  1- 3 |  4- 6 || total
-------------------------+-------+-------++-------
Melee: Unarmed           |     5 |       ||     5
       Mace              |    12 |       ||    12
       Dagger            |       |     6 ||     6
Throw: Stone             |       |     8 ||     8
 Cast: Magic Dart        |    60 |    35 ||    95
       Searing Ray       |     4 |       ||     4
       Iskenderun's Myst |       |     8 ||     8
  Use: Scroll            |     1 |     7 ||     8
  Eat: Bread ration      |       |     1 ||     1
       Chunk             |       |     1 ||     1
Armor: Robe              |    19 |     4 ||    23
Dodge: Dodged            |    60 |    18 ||    78
